 Dungeon Crawl Stone Soup version 0.31.0-11-ge490571c62 (webtiles) character file.

Game seed: 16185165632339038699

3764 browni3141 the Cleaver (level 9, 0/81 HPs)
             Began as a Minotaur Fighter on Jan 28, 2024.
             Was a Follower of Okawaru.
             Slain by a cyan ugly thing (3 damage)
             ... on level 7 of the Dungeon.
             The game lasted 00:04:11 (6117 turns).

browni3141 the Cleaver (Minotaur Fighter)           Turns: 6117, Time: 00:04:12

Health: 0/81       AC: 25    Str: 24    XL:     9   Next: 94%
Magic:  7/9        EV:  7    Int:  5    God:    Okawaru [*.....]
Gold:   350        SH:  7    Dex: 11    Spells: 8/8 levels left

rFire   . . .        a - +0 war axe
rCold   . . .        c - +0 buckler
rNeg    . . .        p - +0 crystal plate armour
rPois   .            (helmet restricted)
rElec   .            o - scarf {repulsion}
rCorr   .            (no gloves)
SInv    .            m - +0 pair of boots
Will    .....        (no amulet) Stlth
                     (no ring)
HPRegen 0.33/turn    (no ring)
MPRegen 0.11/turn

%: repel missiles
@: mighty, weak-willed, heroic
A: horns 2, retaliatory headbutt
a: Renounce Religion, Heroism


You were on level 7 of the Dungeon.
You worshipped Okawaru.
Okawaru was aware of your devotion.
You visited 2 branches of the dungeon, and saw 8 of its levels.
You also visited: Sewer.

You collected 372 gold pieces.
You spent 22 gold pieces at shops.

Inventory:

Hand Weapons
 a - a +0 war axe (weapon)
Missiles
 r - 9 boomerangs (quivered)
Armour
 b - a +0 scale mail
 c - a +0 buckler (worn)
 m - a +0 pair of boots (worn)
 o - a scarf of repulsion (worn)
 p - a +0 crystal plate armour (worn)
 y - a +0 cloak
Wands
 t - a wand of polymorph (15)
 u - a wand of charming (7)
Scrolls
 f - 4 scrolls of teleportation
 h - 2 scrolls of immolation
 i - 2 scrolls of fog
 l - 3 scrolls of enchant weapon
 q - a scroll of silence
 v - a scroll of identify
Potions
 d - 2 potions of might
 g - 2 potions of mutation
 j - 3 potions of curing {unknown}
 k - 2 potions of enlightenment {unknown}
 n - a potion of lignification {unknown}
 s - a potion of degeneration {unknown}
 w - 2 potions of attraction {unknown}
 z - 2 potions of brilliance {unknown}


   Skills:
 + Level 7.8(12.8) Fighting
 * Level 10.2(15.2) Axes
 + Level 1.6(6.6) Throwing
 * Level 10.1(15.1) Armour
 + Level 7.8(12.8) Shields
 + Level 1.5 Invocations


You had 8 spell levels left.
You didn't know any spells.
Your spell library contained the following spells:

 Spells                   Type           Power      Damage    Failure   Level
 Necrotise                Necr           0%         1d4       100%        1
 Fugue of the Fallen      Necr           0%         N/A       100%        3
 Ozocubu's Armour         Ice            0%         N/A       100%        3
 Sigil of Binding         Hex            0%         N/A       100%        3
 Dimensional Bullseye     Hex/Tloc       0%         N/A       100%        4
 Manifold Assault         Tloc           0%         N/A       100%        4
 Alistair's Intoxication  Alch           0%         N/A       100%        5
 Borgnjor's Vile Clutch   Necr/Erth      0%         N/A       100%        5
 Eringya's Noxious Bog    Alch           0%         4d6       100%        6
 Summon Small Mammal      Summ           Unusable   N/A       N/A         1
 Call Canine Familiar     Summ           Unusable   N/A       N/A         3
 Summon Blazeheart Golem  Fire/Summ      Unusable   N/A       N/A         4

Dungeon Overview and Level Annotations

Branches:
Dungeon (7/15)             Temple (1/1) D:4           Sewer (visited)

Altars:
Ashenzari
Cheibriados
Dithmenos
Elyvilon
Fedhas
Gozag
Hepliaklqana
Kikubaaqudgha
Nemelex Xobeh
Okawaru
Ru
Sif Muna
Vehumet
Wu Jian
Xom
Yredelemnul
Zin
The Shining One

Shops:
D:1 ?

Annotations:
D:5 1 runed translucent door


Innate Abilities, Weirdness & Mutations

You have a pair of horns on your head.
You reflexively headbutt those who attack you in melee.


Message History

The wyvern bites you but does no damage.
You barely miss the wyvern.
The wyvern is moderately wounded.
The wyvern bites you but does no damage.
The wyvern barely misses you.
You slash the wyvern! Your headbutt misses the wyvern.
The wyvern is severely wounded.
You block the wyvern's attack.
You barely miss the wyvern.
The wyvern is severely wounded.
You hit the two-headed ogre. The wyvern bites you.
The two-headed ogre hits you with a +0 dire flail.
The two-headed ogre hits you with a +0 giant club!
The wyvern bites you but does no damage.
You hit the wyvern.
The wyvern is almost dead.
You hit the two-headed ogre but do no damage.
The wyvern bites you but does no damage.
The two-headed ogre hits you with a +0 dire flail.
The two-headed ogre hits you with a +0 giant club!
A cyan ugly thing comes into view.
You barely miss the wyvern.
The wyvern is severely wounded.
You hit the two-headed ogre. The wyvern completely misses you.
The wyvern bites you but does no damage.
You feel very mighty all of a sudden.
The wyvern bites you but does no damage.
The two-headed ogre hits you but does no damage.
You block the two-headed ogre's attack.
Okay, then.
Okay, then.
You slice the two-headed ogre!! You headbutt the two-headed ogre!
The two-headed ogre is severely wounded.
You closely miss the cyan ugly thing.
You hear a shout!
You block the two-headed ogre's attack.
The two-headed ogre hits you but does no damage.
You hit the two-headed ogre.
The two-headed ogre is severely wounded.
You hit the cyan ugly thing but do no damage.
A white imp comes into view.
The cyan ugly thing barely misses you. You block the two-headed ogre's attack.
The two-headed ogre hits you but does no damage.
You slice the two-headed ogre!!
You kill the two-headed ogre!
Okawaru is honoured by your kill.
You can now gain great but temporary skills.
You barely miss the cyan ugly thing. You block the cyan ugly thing's attack.
The wyvern bites you! The cyan ugly thing engulfs you.
The cyan ugly thing shocks you!
Your Axes skill increases to level 10!
Your Throwing skill increases to level 1!
Your Armour skill increases to level 10!
Your Invocations skill increases to level 1!
You slash the wyvern!
You kill the wyvern!
Okawaru accepts your kill.
You barely miss the cyan ugly thing.
The cyan ugly thing engulfs you but does no damage.
You slash the cyan ugly thing!
The cyan ugly thing is lightly wounded.
You hit the white imp.
The cyan ugly thing engulfs you but does no damage.
The white imp hits you but does no damage.
You slice the white imp!!
You kill the white imp!
Okawaru accepts your kill.
You barely miss the cyan ugly thing. The cyan ugly thing engulfs you.
The cyan ugly thing shocks you!
You are too injured to fight recklessly!
You are too injured to fight recklessly!
You are too injured to fight recklessly!
You feel much better. The cyan ugly thing engulfs you!
The cyan ugly thing shocks you!
You hit the cyan ugly thing. You headbutt the cyan ugly thing!
The cyan ugly thing is moderately wounded.
The cyan ugly thing barely misses you.
A cyclops comes into view.
You completely miss the cyan ugly thing.
Your headbutt misses the cyan ugly thing.
The cyan ugly thing is moderately wounded.
The cyan ugly thing engulfs you but does no damage.
Okay, then.
You gain the combat prowess of a mighty hero.
The cyan ugly thing engulfs you. The cyan ugly thing shocks you!
A komodo dragon comes into view.
As you read the scroll labelled EWIENAL DISEAFF, it crumbles to dust.
The komodo dragon hisses angrily.
A wave of despondency washes over your surroundings.
It was a scroll of vulnerability.
The cyan ugly thing engulfs you but does no damage.
Aiming: Polymorph
Press: ? - help, Shift-Dir - straight line, f - cyan ugly thing
Aim: a cyan ugly thing (moderately wounded, weak-willed, will change colour)
Okay, then.
You are too injured to fight recklessly!
You slice the cyan ugly thing!!
The cyan ugly thing is severely wounded.
The cyan ugly thing engulfs you.
You die...

).....#####.# #.....## ..##'##
#.# # ##..[.)## ..##.# #.# ###.
#......## ..##.# #.####..
##.[....# ..+.># #.# .... #
#..###.. ..##.# #.# #.l###?##
##'#.#.. ..##.######.# #.C.#!$!+
..#)..##. ###.........# #u)##
##..##...##
###.†###########@..###.....#.#'#.
...............##..#.....#####...
###..#########.##......###.#.†.).
###..####### #.###...###...##..#.
#..........# #.# #.#'#......#....
#..........# #.# ###.....#..##...
#..........# #.# ##..###...'.##
#..........# #.# #...###.†###
...........###.# ##..#.....#


You could see a cyan ugly thing (weak-willed), a cyclops (weak-willed) and a
komodo dragon (weak-willed).

Vanquished Creatures
  A two-headed ogre (D:7)
  The ghost of TheBioAlchemist the Shield-Bearer, a novice FoFi (D:5)
  A hornet (D:7)
  The ghost of Bravepunisher the Ducker, an amateur SpMo of Okawaru (D:4)
  A wyvern (D:7)
  A steam dragon (D:7)
  A water moccasin (D:5)
  Pargi (Sewer)
  2 orc warriors (D:7)
  A sky beast (D:6)
  An ogre (D:4)
  2 centaurs (D:7)
  A kobold brigand (D:7)
  2 brain worms (Sewer)
  2 bullfrogs
  3 scorpions (D:7)
  5 wights (D:7)
  A bombardier beetle (D:7)
  3 orc priests
  2 sleepcaps
  4 iguanas
  Natasha (thrice) (D:2)
  An orc wizard (D:4)
  10 adders
  4 gnolls (D:6)
  A river rat (D:5)
  5 white imps
  2 ufetubi (D:6)
  4 ribbon worms
  2 dart slugs
  21 orcs
  5 ball pythons
  10 bats
  2 endoplasms (D:1)
  8 giant cockroaches
  13 goblins
  8 hobgoblins
  4 jackals
  17 kobolds
  3 quokkas
  2 frilled lizards
  6 rats
168 creatures vanquished.

Notes
Turn   | Place    | Note
-------+----------+-------------------------------------------
     0 | D:1      | browni3141 the Minotaur Fighter began the quest for the
                  | Orb.
     0 | D:1      | Reached XP level 1. HP: 19/19 MP: 0/0
   125 | D:1      | Reached XP level 2. HP: 27/27 MP: 1/1
   610 | D:1      | Found Aqam's Magic Scroll Boutique.
   613 | D:1      | Bought a scroll of identify for 22 gold pieces
   750 | D:2      | Reached XP level 3. HP: 33/33 MP: 2/2
   843 | D:2      | Noticed Natasha
   848 | D:2      | Killed Natasha
   880 | D:2      | Noticed Natasha
   889 | D:2      | Killed Natasha
   890 | D:2      | Reached XP level 4. HP: 29/40 MP: 3/3
   947 | D:2      | Noticed Natasha
   955 | D:2      | Killed Natasha
  1019 | D:2      | Identified the +5 rapier "Daziest" {heavy, rN+ rCorr}
  1118 | D:2      | Reached XP level 5. HP: 47/47 MP: 4/4
  2493 | D:4      | Found a runed translucent door.
  2494 | D:4      | Noticed Bravepunisher's ghost (amateur SpMo)
  2523 | D:4      | Reached skill level 5 in Axes
  2576 | D:4      | Noticed an ogre
  2584 | D:4      | Killed an ogre
  2585 | D:4      | Reached skill level 5 in Armour
  2585 | D:4      | Reached XP level 6. HP: 50/55 MP: 5/5
  2598 | D:4      | Found a glowing drain.
  2614 | Sewer    | Entered a sewer
  2642 | Sewer    | Reached skill level 5 in Fighting
  2642 | Sewer    | Reached skill level 5 in Shields
  2765 | Sewer    | Noticed Pargi
  2776 | Sewer    | Killed Pargi
  2859 | Sewer    | Reached XP level 7. HP: 51/61 MP: 3/6
  2982 | D:4      | Found an ancient bone altar of Kikubaaqudgha.
  3027 | D:4      | Found a sacrificial altar of Ru.
  3165 | D:4      | Found a staircase to the Ecumenical Temple.
  3332 | Temple   | Entered the Ecumenical Temple
  3431 | D:4      | Found an ornate altar of the Wu Jian Council.
  3439 | D:4      | Found a shimmering blue altar of Sif Muna.
  3440 | D:4      | Found a radiant altar of Vehumet.
  3443 | D:4      | Got Kikubaaqudgha's Tome of Despicable Liturgies
  3575 | D:4      | Killed Bravepunisher's ghost
  3609 | D:5      | Entered Level 5 of the Dungeon
  3609 | D:5      | Found a snail-covered altar of Cheibriados.
  3903 | D:5      | Identified the +0 robe "Seveo" {rElec Will+}
  4104 | D:5      | Found a runed translucent door.
  4106 | D:5      | Noticed TheBioAlchemist's ghost (novice FoFi)
  4168 | D:5      | Found a runed translucent door.
  4327 | D:5      | Killed TheBioAlchemist's ghost
  4328 | D:5      | Reached XP level 8. HP: 35/70 MP: 7/7
  4902 | D:6      | Identified the +0 ring mail "Gaos" {Stlth+}
  4921 | D:6      | You fall into a shaft and drop 1 floor!
  5221 | D:7      | Reached XP level 9. HP: 53/75 MP: 8/8
  5453 | D:7      | Found an iron altar of Okawaru.
  5462 | D:7      | Became a worshipper of Warmaster Okawaru
  5878 | D:7      | Paralysed by a hornet for 1 turns
  6097 | D:7      | Noticed a two-headed ogre
  6102 | D:7      | Noticed a cyan ugly thing
  6108 | D:7      | Killed a two-headed ogre
  6108 | D:7      | Reached * piety under Okawaru
  6109 | D:7      | Reached skill level 10 in Axes
  6109 | D:7      | Reached skill level 1 in Throwing
  6109 | D:7      | Reached skill level 10 in Armour
  6109 | D:7      | Reached skill level 1 in Invocations
  6109 | D:7      | Reached ** piety under Okawaru
  6113 | D:7      | Noticed a cyclops
  6115 | D:7      | HP: 3/81 [cyan ugly thing (14)]
  6115 | D:7      | Noticed a komodo dragon
  6117 | D:7      | Slain by a cyan ugly thing

Illustrated notes

Levels and vault maps discovered:
D:1:      dpeg_arrival_water_temple_mockup, layout_basic, serial_shops,
          nicolae_shop_rolled_up, serial_forest, infiniplex_forest_zigzag_1,
          infiniplex_forest_clump_small, infiniplex_forest_clump_small,
          infiniplex_forest_clump_cross, infiniplex_forest_clump_long
D:2:      layout_loops_corners, uniq_natasha
D:3:      layout_loops_ring
D:4:      layout_rooms, grunt_temple_overflow_magic_moments,
          general_overflow_altar, nicolae_ru_the_path_less_chosen,
          minmay_temple_entry_statues_pillars, gammafunk_ghost_grave,
          portal_sewer_entry_d
D:5:      layout_basic, kennysheep_slug_shrine, ebering_ghost_sewer_f
D:6:      layout_basic, nicolae_uskayaw_dance_studio, minmay_misc_feat_rows
D:7:      minmay_slanted_spiral_squares, layout_basic,
          kennysheep_okawaru_gauntlet
Temple:   minmay_temple_curvy_loop

Skill      XL: |  1  2  3  4  5  6  7  8  9 |
---------------+----------------------------+-----
Axes           | 3 4 5 6 7 8 10 | 10.2
Shields        | 4 5 6 7 |  7.8
Fighting       | 4 5 6 7 |  7.8
Armour         | 4 5 7 8 10 | 10.1
Throwing       | 1 |  1.6
Invocations    | 1 |  1.5

Action                     |  1- 3 |  4- 6 |  7- 9 || total
---------------------------+-------+-------+-------++-------
  Melee: War axe           |    51 |   152 |   298 ||   501
         Headbutt          |     4 |    21 |    55 ||    80
  Throw: Boomerang         |       |       |     8 ||     8
 Invoke: Heroism           |       |       |     1 ||     1
    Use: Scroll            |     2 |     4 |     2 ||     8
         Potion            |       |       |     3 ||     3
 Armour: Scale mail        |    36 |    76 |       ||   112
         Crystal plate arm |       |    74 |   321 ||   395
  Dodge: Dodged            |    26 |    61 |    50 ||   137
         Repelled          |       |       |     2 ||     2
  Block: Buckler           |    14 |    40 |    93 ||   147
